 Dungeon Crawl Stone Soup version 0.31-a0-1139-gec03705108 (webtiles) character file.

Game seed: 2453818737267899431

749 James the Mimic (level 7, 0/50 HPs)
             Began as a Merfolk Shapeshifter on Dec 6, 2023.
             Killed from afar by Maggie (23 damage)
             ... with a bolt of fire
             ... on level 7 of the Dungeon.
             The game lasted 00:12:25 (4319 turns).

James the Mimic (Merfolk Shapeshifter)              Turns: 4319, Time: 00:12:25

Health: 0/50       AC:  6    Str: 16    XL:     7   Next: 77%
Magic:  7/7        EV: 10    Int: 10    God:
Gold:   227        SH:  0    Dex: 13    Spells: 6/6 levels left

rFire   . .          .
                       - Unarmed
rCold   . . .        (shield currently unavailable)
rNeg    . . .        e - +0 scale mail
rPois   .            (no helmet)
rElec   .            (no cloak)
rCorr   .            (no gloves)
SInv    .            (no boots)
Will    .....        (no amulet)
Stlth   x              - ring of flight
HPRegen 0.28/turn    (no ring)
MPRegen 0.10/turn

%: no passive effects
@: flux-form, flying, mesmerised, glowing
A: glow, contaminating, (nimble swimmer 2), mertail
a: Begin Untransformation


You were on level 7 of the Dungeon.
You were something dangerously unstable.
You visited 1 branch of the dungeon, and saw 7 of its levels.

You collected 227 gold pieces.

Inventory:

Hand Weapons
 a - a +0 sling
   (You took it off a goblin on level 3 of the Dungeon)
 s - a +2 dagger of protection
   (You took it off a goblin on level 3 of the Dungeon)
 B - a +0 trident
   (You found it on level 4 of the Dungeon)
Missiles
 g - 3 boomerangs
 i - 39 stones
 F - 3 poisoned darts (quivered)
Armour
 e - a +0 scale mail (worn)
   (You found it on level 1 of the Dungeon)
 f - a +0 scale mail
   (You took it off an orc on level 4 of the Dungeon)
 w - a +0 cloak
   (You found it on level 3 of the Dungeon)
 E - a +0 robe
   (You took it off an orc wizard on level 4 of the Dungeon)
 H - a +0 helmet
   (You took it off Robin on level 3 of the Dungeon)
Jewellery
 x - a ring of flight (left hand)
   (You found it on level 3 of the Dungeon)
 z - a ring of fire
   (You found it on level 3 of the Dungeon)
Talismans
 c - a beast talisman
 d - a flux talisman (active)
 v - a maw talisman
   (You found it on level 3 of the Dungeon)
Wands
 u - a wand of paralysis (3)
   (You found it on level 3 of the Dungeon)
Scrolls
 m - a scroll of revelation
 n - a scroll of blinking
 o - a scroll of immolation {!r}
Potions
 b - a potion of lignification {!q}
 h - 2 potions of mutation {!q}
 j - 2 potions of heal wounds {@q2}
 k - a potion of degeneration {unknown}
 l - a potion of cancellation {unknown}
 p - a potion of resistance {unknown}
 A - a potion of curing {unknown}
 C - a potion of experience {unknown}


   Skills:
 - Level 2.0 Fighting
 - Level 3.0 Dodging
 + Level 4.5 Unarmed Combat
 - Level 10.0 Shapeshifting


You had 6 spell levels left.
You didn't know any spells.
Your spell library contained the following spells:

 Spells                   Type           Power      Damage    Failure   Level
 Lesser Beckoning         Tloc           0%         N/A       91%         2
 Scorch                   Fire           0%         2d5       91%         2
 Gell's Gravitas          Tloc           0%         N/A       99%         3
 Teleport Other           Tloc           0%         N/A       99%         3
 Flame Wave               Conj/Fire      0%         2d4       100%        4
 Manifold Assault         Tloc           0%         N/A       100%        4
 Dispersal                Tloc           0%         N/A       100%        6
 Summon Cactus Giant      Summ           0%         N/A       100%        6
 Disjunction              Tloc           0%         N/A       100%        8


Dungeon Overview and Level Annotations

Branches:
Dungeon (8/15)
 Temple: D:4-7         Lair: D:8-11

Altars:
Qazlal
Ru
Sif Muna
Wu Jian
Xom
Zin
The Shining One

Shops:
D:4 =

Annotations:
D:3 1 exclusion
D:7 Maggie


Innate Abilities, Weirdness & Mutations

You are something dangerously unstable.
You glow with magical radiation, making you easy to see and hit.
Foes you strike become dangerously contaminated with magical radiation.
You are incapable of wielding weapons or throwing items.
((You are very nimble when in or above water. (Stealth+, EV+, Speed+++)))
Your lower body shifts to a powerful aquatic tail in water.


Message History

You hit the jelly.
The jelly glows dangerously bright.
Your hands burn!
The jelly hits you.
You are splashed with acid.
The ice beast barely misses you.
You hit the jelly.
The jelly shudders as magic cascades through it!!
You kill the jelly!
The ice beast hits you but does no damage.
You hit the ice beast but do no damage.
The ice beast begins to glow.
The ice beast hits you. The ice beast freezes you!
You hit the ice beast but do no damage.
The ice beast glows dangerously bright.
The ice beast barely misses you.
You barely miss the ice beast. The ice beast misses you.
You barely miss the ice beast. The ice beast completely misses you.
Unknown command.
You hit the ice beast but do no damage.
The ice beast shudders as magic cascades through it!!
You kill the ice beast!
Training target 10.0 for Shapeshifting reached!
Your Shapeshifting skill increases to level 10!
You need to enable at least one skill for training.
You start resting.
You are something dangerously unstable.
You are flying.
You are glowing.
Your flying speed is average.
Your attack delay is about 0.9.
Your damage rating with unarmed combat is about 8 (Base [3 + 4 (UC)] x 115% (Str) x 103% (Fight)).
Unknown command.
You fly upwards.
There is a stone staircase leading down, spattered with blood here.
Found 10 gold pieces.
You now have 227 gold pieces (gained 10).
Maggie the Vainglorious comes into view.
She is wielding a +2 long sword of flaming.
Found a stone staircase leading up.
Maggie shouts!
Maggie casts a spell at you. The bolt of fire hits you!
Maggie hits you with a +2 long sword of flaming!
Maggie burns you.
* * * LOW HITPOINT WARNING * * *
You closely miss Maggie. You hit Maggie but do no damage.
Maggie begins to glow.
Maggie closely misses you.
You hit Maggie.
Maggie glows dangerously bright.
Maggie gestures wildly while chanting.
Maggie attempts to bespell you!
You are mesmerised by Maggie!
You hit Maggie but do no damage.
Maggie shudders as magic cascades through her!!
Maggie twists and deforms.
Maggie points at you and mumbles some strange words.
The bolt of fire hits you!!
You die...

... ..
##..
#.<
#..
####.#
#...@#
#p#
##.#
##..#
#..##
#.##
##.#
#.
#..#
..
##.##
.#
##..#
.#


You could see Maggie (mesmerising, misshapen).

Vanquished Creatures
  An ice beast (D:8)
  An ogre (D:4)
  A black bear (D:4)
  A centaur (D:5)
  A bullfrog (D:8)
  2 scorpions
  A jelly (D:8)
  A hound (D:4)
  An orc wizard (D:4)
  Robin (D:3)
  4 adders
  5 dart slugs
  9 orcs
  6 endoplasms
  4 giant cockroaches
  14 goblins
  10 hobgoblins
  6 jackals (D:4)
  3 ball pythons
  A bat (D:1)
  A frilled lizard (D:1)
  11 kobolds
  A rat (D:3)
86 creatures vanquished.

Notes
Turn   | Place    | Note
-------+----------+-------------------------------------------
     0 | D:1      | James the Merfolk Shapeshifter began the quest for the Orb.
     0 | D:1      | Reached XP level 1. HP: 15/15 MP: 1/1
   225 | D:1      | Reached XP level 2. HP: 21/21 MP: 2/2
   919 | D:2      | Reached XP level 3. HP: 25/27 MP: 3/3
  1994 | D:3      | Reached skill level 5 in Shapeshifting
  1994 | D:3      | Reached XP level 4. HP: 31/33 MP: 4/4
  2286 | D:3      | Found a sacrificial altar of Ru.
  2289 | D:3      | Found a shimmering blue altar of Sif Muna.
  2398 | D:4      | Noticed a scorpion
  2479 | D:4      | Found a stormy altar of Qazlal.
  2537 | D:4      | Found a shimmering altar of Xom.
  2538 | D:4      | Found a glowing golden altar of the Shining One.
  2540 | D:4      | Found an ornate altar of the Wu Jian Council.
  2541 | D:4      | Found a glowing silver altar of Zin.
  2682 | D:4      | Reached skill level 6 in Shapeshifting
  2682 | D:4      | Reached XP level 5. HP: 38/38 MP: 5/5
  2715 | D:4      | Noticed Robin
  2810 | D:3      | Killed Robin
  2811 | D:3      | Reached skill level 7 in Shapeshifting
  3093 | D:4      | Noticed a black bear
  3098 | D:4      | Killed a black bear
  3099 | D:4      | Reached XP level 6. HP: 32/44 MP: 6/6
  3150 | D:4      | Found Tecvu's Jewellery Boutique.
  3227 | D:4      | Reached skill level 8 in Shapeshifting
  3848 | D:5      | Entered Level 5 of the Dungeon
  3885 | D:5      | Reached XP level 7. HP: 40/50 MP: 7/7
  3938 | D:5      | Reached skill level 9 in Shapeshifting
  4132 | D:5      | You are sucked into a shaft and drop 3 floors!
  4204 | D:8      | Reached skill level 10 in Shapeshifting
  4312 | D:7      | Noticed Maggie
  4319 | D:7      | Killed from afar by Maggie

Illustrated notes

Levels and vault maps discovered:
D:1:      wander_arrival_desolate, layout_basic, amcnicky_mini_corridor_feature,
          minivault_23
D:2:      layout_basic
D:3:      layout_loops_ring, nicolae_overflow_hidden_temple,
          minmay_misc_feat_more_columns, corexii_shack
D:4:      layout_basic, grunt_qazlal_clouds, minitemple, serial_shops,
          nicolae_shop_tiny_glass, uniq_robin
D:5:      kennysheep_steamy, layout_loops_corners, nicolae_uskayaw_suspiria
D:7:      layout_rooms, fedhas_altar_fruit_tree, temple_hall, minivault_26,
          uniq_maggie
D:8:      layout_cave_pools, sword_in_stone, uniq_jeremiah

Skill      XL: |  1  2  3  4  5  6  7 |
---------------+----------------------+-----
Dodging        | 3 |  3.0
Unarmed Combat | 4 |  4.5
Fighting       | 2 |  2.0
Shapeshifting  | 5 6 7 8 10 | 10.0

Action                     |  1- 3 |  4- 6 |  7- 9 || total
---------------------------+-------+-------+-------++-------
  Melee: Unarmed           |    67 |   172 |    30 ||   269
         Punch             |     1 |     1 |       ||     2
   Fire: Sling             |     2 |       |       ||     2
  Throw: Dart              |       |     3 |       ||     3
    Use: Scroll            |       |    10 |       ||    10
 Armour: Animal skin       |     5 |       |       ||     5
         Scale mail        |    25 |   101 |    32 ||   158
  Dodge: Dodged            |    26 |    96 |    19 ||   141
   Form: Flux              |       |     1 |       ||     1

Table legend: (Time is in decaauts)
 A = Elapsed time spent in this place.
 B = Non-inter-level travel time spent in this place.
 C = Inter-level travel time spent in this place.
 D = Time resting spent in this place.
 E = Time spent auto-exploring this place.
 F = Levels seen in this place.
 G = Mean time per level.
                   A        B        C        D        E       F      G
               +--------+--------+--------+--------+--------+-----+--------+
         Total |   4302 |   3967 |    335 |    442 |   2647 |   7 |  614.6 |
       Dungeon |   4302 |   3967 |    335 |    442 |   2647 |   7 |  614.6 |
               +--------+--------+--------+--------+--------+-----+--------+

Top non-repeatable levels by time:
     D:4: 1282 daAuts
     D:2: 1121 daAuts
     D:3: 911 daAuts
     D:1: 540 daAuts
     D:5: 259 daAuts
     D:8: 144 daAuts
     D:7: 42 daAuts
